 Dungeon Crawl Stone Soup version 0.27.1-37-g7b29ead8ac (webtiles) character file.

Game seed: 13386076408241144832

15596 Winotaur the Cleaver (level 12, -1/162 HPs)
             Began as a Minotaur Berserker on Apr 21, 2024.
             Was a Priest of Trog.
             Succumbed to a green very ugly thing's poison
             ... on level 10 of the Dungeon.
             The game lasted 00:07:30 (12016 turns).

Winotaur the Cleaver (Minotaur Berserker)          Turns: 12016, Time: 00:07:32

Health: -1/162     AC: 18    Str: 29    XL:     12   Next: 2%
Magic:  11/11      EV: 14    Int:  7    God:    Trog [***...]
Gold:   486        SH: 16    Dex: 10    Spells: 11/11 levels left

rFire    + . .     SeeInvis .   a - +0 hand axe (spect)
rCold    . . .     Faith    .   I - +0 kite shield "Syemp" {Fly Str+2 Int+3}
rNeg     . . .     Spirit   .   C - +2 chain mail {rF+}
rPois    .         Reflect  +   A - +1 hat
rElec    .         Harm     .   z - +0 cloak
rCorr    .         Rampage  .   (no gloves)
Will     ++...                  m - +1 pair of boots
Stlth    ..........             t - amulet of reflection
HPRegen  1.37/turn              c - +4 ring of evasion
MPRegen  0.12/turn              (no ring)

@: brilliant, berserking, lethally poisoned (-1 -> -15), strong-willed, flying,
regenerating, very quick
A: horns 2, retaliatory headbutt
a: Renounce Religion, Berserk, Trog's Hand


You were on level 10 of the Dungeon.
You worshipped Trog.
Trog was most pleased with you.
You visited 1 branch of the dungeon, and saw 10 of its levels.
You visited the Abyss 1 time.

You collected 570 gold pieces.
You spent 84 gold pieces at shops.

Inventory:

Hand Weapons
 a - a +0 spectral hand axe (weapon)
 v - a +1 vampiric battleaxe
 K - a +0 broad axe
Missiles
 B - a throwing net (quivered)
Armour
 b - a +0 animal skin
 e - a +0 scale mail
 f - a +0 buckler
 m - a +1 pair of boots (worn)
 z - a +0 cloak (worn)
 A - a +1 hat (worn)
 C - a +2 chain mail of fire resistance (worn)
 I - the +0 kite shield "Syemp" (worn) {Fly Str+2 Int+3}
   (You found it on level 9 of the Dungeon)

   Str:       It affects your strength (+2).
   Int:       It affects your intelligence (+3).
   Fly:       It grants you flight.
Jewellery
 c - a +4 ring of evasion (left hand)
 p - a ring of see invisible
 t - an amulet of reflection (around neck)
 x - a ring of fire
Wands
 l - a wand of polymorph (9)
 n - a wand of charming (17)
 w - a wand of iceblast (6)
 y - a wand of mindburst (23)
 J - a wand of acid (5)
Scrolls
 i - 2 scrolls of teleportation
 r - 3 scrolls of identify
 u - a scroll of enchant armour
 D - 2 scrolls of fear {unknown}
 E - a scroll of fog {unknown}
Potions
 d - a potion of flight
 g - 2 potions of magic
 h - 2 potions of resistance
 j - a potion of mutation
 k - a potion of lignification
 o - a potion of degeneration
 s - 4 potions of haste
 G - 2 potions of brilliance
 H - 2 potions of heal wounds {unknown}


   Skills:
 + Level 10.6 Fighting
 * Level 14.0 Axes
 + Level 10.2 Armour
 + Level 9.4 Dodging
 + Level 7.5 Shields


You had 11 spell levels left.
You didn't know any spells.
Your spell library was empty.

Dungeon Overview and Level Annotations

Branches:
Dungeon (10/15)            Temple (0/1) D:7            Lair (0/6) D:10
    Orc: D:9-12

Altars:
Cheibriados
Fedhas
Kikubaaqudgha
Makhleb
Nemelex Xobeh
Ru
Uskayaw
Xom
Yredelemnul

Shops:
D:7 ((![:

Annotations:
D:5 2 transporters, 0gre's ghost, novice GnIE
D:7 Prince Ribbit


Innate Abilities, Weirdness & Mutations

You have a pair of horns on your head.
You reflexively headbutt those who attack you in melee.


Message History

You are too injured to fight recklessly!
There is a lethal amount of poison in your body!
You are too injured to fight recklessly!
You are too injured to fight recklessly!
You are too injured to fight recklessly!
You are too injured to fight recklessly!
You feel better.
The green very ugly thing headbutts you!
You are lethally poisoned!
The green very ugly thing poisons you!
You feel better.
The green very ugly thing headbutts you!
You are lethally poisoned!
The green very ugly thing poisons you! Something hits you but does no damage.
As you read the scroll of teleportation, it crumbles to dust.
You feel strangely unstable.
You feel extremely sick.
The green very ugly thing headbutts you but does no damage.
Something barely misses you.
Your skin crawls.
You feel strong-willed.
You can no longer call in reinforcements.
You feel extremely sick.
The green very ugly thing headbutts you!
Something hits you but does no damage.
* * * LOW HITPOINT WARNING * * *
You feel extremely sick.
It was a potion of brilliance.
You feel clever all of a sudden.
Your surroundings suddenly seem different.
* * * LOW HITPOINT WARNING * * *
You feel extremely sick.
It was a potion of berserk rage.
A red film seems to cover your vision as you go berserk!
You feel yourself moving faster!
You feel mighty!
* * * LOW HITPOINT WARNING * * *
You feel extremely sick.
You are too berserk!
You feel a strong urge to attack something.
You die...

... ..## # #.
##.
.####.#####.....
..≈≈≈≈≈≈@≈≈#
.≈##≈≈≈##≈#
##### #


There were no monsters in sight!

Vanquished Creatures
  A tentacled starspawn (Abyss:2)
  Gastronok (D:8)
  Harold (D:8)
  Urug (D:10)
  A sixfirhy (Abyss:2)
  Pikel (D:7)
  A wizard (D:10)
  6 ugly things (D:10)
  A smoke demon (Abyss:2)
  An unseen horror (Abyss:2)
  Maggie (D:8)
  An efreet (Abyss:2)
  2 trolls (D:9)
  3 hornets
  A shadow (D:9)
  A wraith (D:7)
  A wyvern (D:9)
  Eustachio (D:5)
  Grum (D:8)
  4 vampire mosquitoes (D:9)
  Menkaure (D:7)
  A steam dragon (D:8)
  3 yaks (D:8)
  An acid dragon (D:10)
  A water moccasin (D:7)
  2 hornet zombies
  3 orc warriors (D:9)
  2 necrophages (D:7)
  2 wolves (D:8)
  An ogre (D:4)
  2 lemures (D:7)
  Blork the orc (D:5)
  2 bullfrogs
  2 scorpions
  A water moccasin skeleton (D:4)
  5 killer bees (D:7)
  9 wights
  5 howler monkeys
  2 jellies
  A quasit (Abyss:2)
  2 bullfrog zombies
  3 centaur zombies (D:7)
  2 hounds
  Crazy Yiuf (D:7)
  3 orc priests
  A centaur skeleton (D:7)
  A gnoll shaman (D:10)
  2 iguanas
  2 orc wizards (D:9)
  A scorpion zombie (D:4)
  8 gnolls
  A howler monkey skeleton (D:6)
  5 adders
  A shadow imp (D:6)
  2 white imps (D:7)
  An adder zombie (D:4)
  A worm (D:4)
  2 dart slugs
  25 orcs
  5 bats
  7 endoplasms
  3 giant cockroaches
  4 hobgoblins
  7 jackals
  5 quokkas
  3 ball pythons
  3 frilled lizards (D:1)
  4 goblins
  6 kobolds
  4 rats
193 creatures vanquished.

Vanquished Creatures (collateral kills)
  A hydra (D:10)
1 creature vanquished.

Vanquished Creatures (others)
  A plant (D:1)
  4 starspawn tentacles (Abyss:2)
  2 withered plants (D:6)
7 creatures vanquished.

Grand Total: 201 creatures vanquished

Notes
Turn   | Place    | Note
-------+----------+-------------------------------------------
     0 | D:1      | Winotaur the Minotaur Berserker began the quest for the
                  | Orb.
     0 | D:1      | Reached XP level 1. HP: 19/19 MP: 0/0
   319 | D:1      | Reached XP level 2. HP: 22/27 MP: 1/1
   322 | D:1      | Reached skill level 4 in Axes
  1002 | D:1      | Reached ** piety under Trog
  1088 | D:2      | Reached XP level 3. HP: 33/33 MP: 2/2
  1771 | D:3      | Found a faded altar of an unknown god.
  1929 | D:3      | Found a sparkling altar of Nemelex Xobeh.
  2025 | D:3      | Reached XP level 4. HP: 40/40 MP: 3/3
  2027 | D:3      | Reached skill level 1 in Shields
  2294 | D:4      | Noticed an ogre
  2302 | D:4      | Killed an ogre
  2303 | D:4      | Reached skill level 5 in Axes
  2303 | D:4      | Reached XP level 5. HP: 47/47 MP: 4/4
  2610 | D:4      | Found a basalt altar of Yredelemnul.
  2670 | D:4      | Reached XP level 6. HP: 55/55 MP: 5/5
  2677 | D:4      | Found a shimmering altar of Xom.
  2678 | D:4      | Found a hide-covered altar of Uskayaw.
  2818 | D:4      | Reached skill level 6 in Axes
  2926 | D:4      | Found a snail-covered altar of Cheibriados.
  3224 | D:5      | Entered Level 5 of the Dungeon
  3428 | D:5      | Found a burning altar of Makhleb.
  3432 | D:5      | Noticed a cacodemon
  3436 | D:5      | Noticed an orange demon
  3436 | D:5      | Noticed a neqoxec
  3478 | D:5      | Noticed a two-headed ogre
  3479 | D:5      | Noticed 0gre's ghost (novice GnIE)
  3502 | D:5      | Reached skill level 5 in Fighting
  3519 | D:5      | Noticed Blork the orc
  3532 | D:5      | Killed Blork the orc
  3533 | D:5      | Found a transporter.
  3780 | D:5      | Found a transporter.
  3992 | D:5      | Noticed Eustachio
  4009 | D:5      | Reached XP level 7. HP: 61/61 MP: 6/6
  4033 | D:5      | Killed Eustachio
  4522 | D:5      | Reached skill level 7 in Axes
  4823 | D:6      | Found an ancient bone altar of Kikubaaqudgha.
  4835 | D:6      | Reached skill level 5 in Armour
  5202 | D:6      | Reached XP level 8. HP: 68/70 MP: 7/7
  5228 | D:6      | Found a sacrificial altar of Ru.
  5660 | D:6      | Reached *** piety under Trog
  5869 | D:7      | Found Wuageol's Weapon Shop.
  5880 | D:7      | Found Udghirr's Antique Weapon Shop.
  5894 | D:7      | Reached skill level 8 in Axes
  5930 | D:7      | Noticed Pikel
  5939 | D:7      | Noticed Menkaure
  5947 | D:7      | Killed Pikel
  5948 | D:7      | Reached skill level 5 in Dodging
  5952 | D:7      | Killed Menkaure
  6147 | D:7      | Reached skill level 5 in Shields
  6152 | D:7      | Reached skill level 9 in Axes
  6156 | D:7      | Reached XP level 9. HP: 45/78 MP: 8/8
  6409 | D:7      | Found Lenuakuurch's Distillery.
  6421 | D:7      | Bought 2 potions of curing for 84 gold pieces
  6438 | D:7      | Found Jaabraz's Antique Armour Emporium.
  6478 | D:7      | Found a staircase to the Ecumenical Temple.
  6690 | D:7      | Noticed Prince Ribbit
  6806 | D:7      | Found a runed translucent door.
  6807 | D:7      | Noticed Crazy Yiuf
  7394 | D:7      | Found Caex's Book Shop.
  7561 | D:7      | Killed Crazy Yiuf
  7935 | D:8      | Noticed Gastronok
  7957 | D:8      | Killed Gastronok
  7958 | D:8      | Reached skill level 11 in Axes
  7958 | D:8      | Reached XP level 10. HP: 49/88 MP: 9/9
  8149 | D:8      | Noticed Harold
  8162 | D:8      | Killed Harold
  8340 | D:8      | Noticed Maggie
  8381 | D:8      | Killed Maggie
  8849 | D:8      | Noticed Grum
  8867 | D:8      | Killed Grum
  8868 | D:8      | Reached skill level 12 in Axes
  8969 | D:8      | Found a blossoming altar of Fedhas.
  9468 | D:9      | Reached **** piety under Trog
  9486 | D:9      | Reached XP level 11. HP: 35/97 MP: 10/10
  9500 | D:9      | HP: 4/97 [poisoned by an orc warrior]
 10267 | D:9      | Identified the +1 robe of Ycuceqaq {SInv}
 10336 | D:9      | Identified the +0 kite shield "Syemp" {Fly Str+2 Int+3}
 10440 | D:10     | Entered Level 10 of the Dungeon
 10516 | D:10     | Noticed an eight-headed hydra
 10531 | D:10     | Killed an eight-headed hydra
 10535 | D:10     | Noticed Urug
 10858 | D:10     | Killed Urug
 10859 | D:10     | Reached skill level 13 in Axes
 11116 | D:10     | Found a staircase to the Lair.
 11232 | D:10     | Noticed a purple ugly thing
 11232 | D:10     | Noticed a purple ugly thing
 11234 | D:10     | Noticed a purple ugly thing
 11235 | D:10     | Noticed a cyan ugly thing
 11239 | D:10     | Noticed a purple ugly thing
 11241 | D:10     | Noticed a cyan ugly thing
 11245 | D:10     | Killed a purple ugly thing
 11252 | D:10     | Killed a purple ugly thing
 11257 | D:10     | Killed a brown ugly thing
 11258 | D:10     | Reached skill level 10 in Fighting
 11258 | D:10     | Killed a purple ugly thing
 11260 | D:10     | Killed a cyan ugly thing
 11263 | D:10     | Killed a brown ugly thing
 11529 | D:10     | Noticed a wizard
 11531 | D:10     | Cast into level 2 of the Abyss (a wizard)
 11545 | Abyss:2  | Found a corrupted altar of Lugonu.
 11657 | Abyss:2  | Noticed a tentacled starspawn
 11680 | Abyss:2  | Killed a tentacled starspawn
 11681 | Abyss:2  | Reached skill level 10 in Armour
 11681 | Abyss:2  | Noticed a sixfirhy
 11687 | Abyss:2  | Killed a sixfirhy
 11688 | Abyss:2  | Reached skill level 14 in Axes
 11690 | D:10     | Escaped the Abyss
 11696 | D:10     | Killed a wizard
 11697 | D:10     | Reached XP level 12. HP: 35/108 MP: 11/11
 12000 | D:10     | Noticed a green very ugly thing
 12015 | D:10     | HP: 3/162 [poisoned by a green very ugly thing]
 12016 | D:10     | Succumbed to a green very ugly thing's poison

Illustrated notes

Levels and vault maps discovered:
D:1:      lemuel_arrival_funnel, layout_loops_ring, minivault_23,
          serial_bayou_pond_a
D:2:      layout_basic, serial_rivers, chequers_serial_rivers_micro_b,
          chequers_serial_rivers_micro_c, chequers_serial_rivers_small_a,
          chequers_serial_rivers_micro_e, chequers_serial_rivers_large_b
D:3:      layout_basic, nemelex_xobeh_ov_fountains_minmay,
          shapermc_ecumenical_altar_acropolis
D:4:      layout_gridville, lemuel_zombie_altar_yredelemnul,
          mainiacjoe_overflow_divided_tiny, cheibrodos_worm_habitat
D:5:      layout_basic, makhleb_altar_promises_db, gammafunk_ghost_arena,
          minmay_misc_feat_tiny, uniq_blork_the_orc, uniq_eustachio
D:6:      layout_gridville, kiku_gazebo_garden_becter, nicolae_ru_awakened_eye,
          hangedman_decor_slide_cut
D:7:      layout_basic, minmay_temple_entry_butterflies, serial_undead,
          serial_undead_b, serial_undead_d, serial_undead_d, serial_undead_c,
          serial_shops, nicolae_stop_n_shop_2, shop, shop,
          nicolae_shop_waterfront, nicolae_shop_statue_plus, uniq_menkaure,
          uniq_pikel, uniq_prince_ribbit1, uniq_crazy_yiuf_cottage
D:8:      layout_basic, mainiacjoe_overflow_concentric_impassable,
          enter_ossuary_1, uniq_maggie, uniq_gastronok, uniq_harold, uniq_grum
D:9:      layout_rooms, minivault_25_ag, kennysheep_generic_room_14
D:10:     cheibrodos_breeding_chamber, layout_loops_ring, zin_purify,
          lightli_minifort, uniq_urug

Skill      XL: |  1  2  3  4  5  6  7  8  9 10 11 |
---------------+----------------------------------+-----
Axes           | 4 5 6 7 9 11 12 14 | 14.0
Fighting       | 4 5 6 8 9 10 | 10.6
Armour         | 3 4 5 6 7 9 10 | 10.2
Shields        | 1 2 3 4 5 7 |  7.5
Dodging        | 3 4 5 7 8 9 |  9.4

Action                   |  1- 3 |  4- 6 |  7- 9 | 10-12 || total
-------------------------+-------+-------+-------+-------++-------
Melee: Hand axe          |    80 |    98 |   262 |   193 ||   633
       Headbutt          |    10 |    26 |    53 |    64 ||   153
       Battleaxe         |       |       |       |    79 ||    79
Invok: Berserk           |     1 |     2 |     7 |     6 ||    16
       Trog's Hand       |     1 |     1 |       |     5 ||     7
       Brothers in Arms  |       |       |       |     1 ||     1
Evoke: Wand              |       |       |       |     4 ||     4
  Use: Scroll            |       |     4 |     6 |     4 ||    14
       Potion            |       |       |       |    12 ||    12
 Stab: Distracted        |       |       |       |     1 ||     1
Armor: Animal skin       |     3 |       |       |       ||     3
       Scale mail        |    16 |    17 |    52 |     3 ||    88
       Chain mail        |       |       |       |   100 ||   100
Dodge: Dodged            |    63 |    63 |   144 |   119 ||   389
Block: Buckler           |     4 |    23 |   136 |    39 ||   202
       Other             |       |       |       |    21 ||    21
       Reflection        |       |       |       |     1 ||     1
       Kite shield       |       |       |       |    63 ||    63
